 Dungeon Crawl Stone Soup version 0.27.0-1-g7a089689b8 (webtiles) character file.

Game seed: 18327384095564589782

1330 Naeght the Cleaver (level 8, 0/71 HPs)
             Began as a Hill Orc Fighter on Aug 14, 2021.
             Was a Priest of Trog.
             Succumbed to a water moccasin's poison
             ... on level 5 of the Dungeon.
             The game lasted 00:08:59 (7791 turns).

Naeght the Cleaver (Hill Orc Fighter)               Turns: 7791, Time: 00:08:59

Health: 0/71       AC:  8    Str: 21    XL:     8   Next: 60%
Magic:  8/8        EV:  8    Int:  8    God:    Trog [***...]
Gold:   237        SH: 10    Dex: 10    Spells: 7/7 levels left

rFire    . . .     SeeInvis .   a - +0 war axe
rCold    . . .     Faith    .   c - +0 kite shield
rNeg     . . .     Spirit   .   b - +0 scale mail
rPois    .         Reflect  .   (no helmet)
rElec    .         Harm     .   (no cloak)
rCorr    .         Rampage  .   (no gloves)
Will     .....                  r - +0 pair of boots
Stlth    ..........             k - amulet of the acrobat
HPRegen  0.21/turn              (no ring)
MPRegen  0.11/turn              (no ring)

@: lethally poisoned (0 -> -3)
A: no striking features
a: Renounce Religion, Berserk, Trog's Hand


You were on level 5 of the Dungeon.
You worshipped Trog.
Trog was most pleased with you.
You visited 1 branch of the dungeon, and saw 6 of its levels.
You also visited: Sewer.

You collected 237 gold pieces.

Inventory:

Hand Weapons
 a - a +0 war axe (weapon)
Armour
 b - a +0 scale mail (worn)
 c - a +0 kite shield (worn)
 r - a +0 pair of boots (worn)
Jewellery
 k - an amulet of the acrobat (around neck)
Scrolls
 e - a scroll of vulnerability {unknown}
 h - 3 scrolls of identify {unknown}
 i - a scroll of immolation {unknown}
 j - a scroll of acquirement {unknown}
 l - 2 scrolls of blinking {unknown}
 n - 2 scrolls of enchant armour {unknown}
 q - 4 scrolls of teleportation {unknown}
 s - a scroll of torment {unknown}
 u - a scroll of enchant weapon {unknown}
 v - a scroll of amnesia {unknown}
 w - a scroll of magic mapping {unknown}
Potions
 d - 2 potions of might
 f - a potion of heal wounds {unknown}
 g - 2 potions of lignification {unknown}
 m - a potion of magic {unknown}
 o - a potion of attraction {unknown}
 p - a potion of ambrosia {unknown}
 t - a potion of curing {unknown}
 x - a potion of brilliance {unknown}
 z - a potion of haste {unknown}


   Skills:
 + Level 6.5 Fighting
 * Level 8.9 Axes
 + Level 5.9 Armour
 + Level 6.0 Shields


You had 7 spell levels left.
You didn't know any spells.
Your spell library contained the following spells:

 Spells                   Type           Power      Damage    Failure   Level
 Corpse Rot               Necr/Air       N/A        N/A       99%         2
 Slow                     Hex            0%         N/A       99%         2
 Confusing Touch          Hex            0%         N/A       100%        3
 Dispel Undead            Necr           0%         3d6       100%        4
 Yara's Violent Unravell  Hex/Tmut       0%         3d3       100%        5
 Death Channel            Necr           0%         N/A       100%        6


Dungeon Overview and Level Annotations

Branches:
Dungeon (6/15)              Sewer (visited)
 Temple: D:4-7

Altars:
Dithmenos
Gozag
Kikubaaqudgha
Nemelex Xobeh
Trog
Uskayaw
Vehumet

Annotations:
D:6 Sigmund


Message History

The water moccasin bites you but does no damage. x2
You closely miss the water moccasin.
The water moccasin is moderately wounded.
The water moccasin bites you but does no damage.
You hit the water moccasin.
The water moccasin is heavily wounded.
You block the water moccasin's attack.
The water moccasin completely misses you.
You hit the water moccasin but do no damage.
The water moccasin is heavily wounded.
The water moccasin closely misses you. The water moccasin bites you!
* * * LOW HITPOINT WARNING * * *
You are lethally poisoned!
The water moccasin poisons you!
You hit the water moccasin but do no damage.
The water moccasin is heavily wounded.
* * * LOW HITPOINT WARNING * * *
You feel very sick.
The water moccasin bites you but does no damage.
You slash the water moccasin!
The water moccasin is severely wounded.
* * * LOW HITPOINT WARNING * * *
You feel very sick. You block the water moccasin's attack.
The water moccasin closely misses you.
You miss the water moccasin.
The water moccasin is severely wounded.
* * * LOW HITPOINT WARNING * * *
You feel sick. You block the water moccasin's attack.
The water moccasin bites you but does no damage.
You closely miss the water moccasin.
The water moccasin is severely wounded.
* * * LOW HITPOINT WARNING * * *
You feel sick. You block the water moccasin's attack.
You miss the water moccasin.
The water moccasin is severely wounded.
* * * LOW HITPOINT WARNING * * *
You feel sick.
You block the water moccasin's attack. x2
You hit the water moccasin but do no damage.
The water moccasin is severely wounded.
You die...

#...........# #..................
#...........# #...........#'#....
#........(..###.......#####.#####
#.....<..............##.........#
#^.............<...###..#######..
#.............>....#_..###_._###.
#..................###..##...##..
#.................## ##....†....#
#...............@S.#######...####
#######.....######.#.....##_##
#.....'....#.#.....####
#.....####.#.#.....# #..[..#
#.#.#.....# ####### #.#.#÷....#
#######.#.......#
#.......###.##### #.####### #.#


You could see a water moccasin.

Vanquished Creatures
  Grinder (D:6)
  A necrophage (D:4)
  A phantom (D:6)
  3 kobold brigands (Sewer)
  2 bullfrogs (D:6)
  A scorpion (D:4)
  A water moccasin skeleton (D:5)
  2 hounds
  A centaur zombie (D:6)
  An orc priest (D:5)
  A centaur skeleton (D:5)
  Jessica (D:3)
  2 orc wizards (D:5)
  3 hound skeletons
  A howler monkey skeleton (D:5)
  3 river rats
  12 adders
  A white imp (D:6)
  An ufetubus (D:4)
  3 worms
  3 dart slugs
  8 orcs
  9 ball pythons
  8 bats
  8 endoplasms
  3 giant cockroaches
  A goblin (D:4)
  12 hobgoblins
  6 jackals
  12 kobolds
  3 quokkas
  3 frilled lizards
  11 rats
129 creatures vanquished.

Notes
Turn   | Place    | Note
-------+----------+-------------------------------------------
     0 | D:1      | Naeght the Hill Orc Fighter began the quest for the Orb.
     0 | D:1      | Reached XP level 1. HP: 19/19 MP: 1/1
   276 | D:1      | Reached skill level 3 in Axes
   393 | D:1      | Reached XP level 2. HP: 27/27 MP: 2/2
  1336 | D:2      | Found a faded altar of an unknown god.
  1356 | D:2      | Reached XP level 3. HP: 12/33 MP: 3/3
  1722 | D:2      | Became a worshipper of Trog the Wrathful
  1722 | D:2      | Reached * piety under Trog
  2109 | D:2      | Reached skill level 4 in Axes
  2331 | D:2      | Reached XP level 4. HP: 40/40 MP: 4/4
  2708 | D:3      | Found a glowing drain.
  2789 | Sewer    | Entered a sewer
  2822 | Sewer    | Reached ** piety under Trog
  3100 | Sewer    | Noticed a kobold brigand
  3128 | Sewer    | Killed a kobold brigand
  3129 | Sewer    | Reached skill level 5 in Axes
  3129 | Sewer    | Reached XP level 5. HP: 43/47 MP: 5/5
  3698 | Sewer    | Reached XP level 6. HP: 53/53 MP: 6/6
  3944 | Sewer    | Reached skill level 5 in Fighting
  3944 | Sewer    | Reached skill level 6 in Axes
  4569 | D:3      | Found a radiant altar of Vehumet.
  4717 | D:3      | Noticed Jessica
  4721 | D:3      | Killed Jessica
  4964 | D:3      | Reached XP level 7. HP: 51/61 MP: 7/7
  5118 | D:4      | Reached *** piety under Trog
  5665 | D:4      | Reached skill level 7 in Axes
  5665 | D:4      | Reached skill level 5 in Armour
  5665 | D:4      | Reached skill level 5 in Shields
  6276 | D:5      | Entered Level 5 of the Dungeon
  6744 | D:5      | Found an ancient bone altar of Kikubaaqudgha.
  6744 | D:5      | Found a sparkling altar of Nemelex Xobeh.
  6750 | D:5      | Found a hide-covered altar of Uskayaw.
  6752 | D:5      | Found an opulent altar of Gozag.
  6754 | D:5      | Found a shadowy altar of Dithmenos.
  7028 | D:5      | Reached XP level 8. HP: 70/70 MP: 8/8
  7275 | D:6      | Noticed Grinder
  7288 | D:6      | Killed Grinder
  7289 | D:6      | Reached skill level 8 in Axes
  7743 | D:6      | Noticed Sigmund
  7789 | D:5      | HP: 3/71 [poisoned by a water moccasin]
  7791 | D:5      | Succumbed to a water moccasin's poison

Illustrated notes

Levels and vault maps discovered:
D:1:      lightli_arrival_noodles, layout_loops_corners
D:2:      layout_basic, shapermc_ecumenical_altar_mp_highgroup
D:3:      layout_rooms, nicolae_vehumet_radiance, portal_sewer_entry_a,
          kennysheep_jessica_study
D:4:      layout_gridville
D:5:      layout_basic, chequers_temple_overflow_minitemple
D:6:      minmay_goblin_kobold_castle, layout_rooms, uniq_menkaure,
          uniq_sigmund, uniq_grinder

Skill      XL: |  1  2  3  4  5  6  7  8 |
---------------+-------------------------+-----
Axes           | 3 4 5 6 7 8 |  8.9
Fighting       | 4 5 6 |  6.5
Armour         | 4 5 |  5.9
Shields        | 4 5 6 |  6.0

Action                   |  1- 3 |  4- 6 |  7- 9 || total
-------------------------+-------+-------+-------++-------
Melee: War axe           |   116 |   276 |   186 ||   578
Invok: Berserk           |       |     2 |       ||     2
       Trog's Hand       |       |       |     1 ||     1
Armor: Scale mail        |    54 |   117 |    86 ||   257
Dodge: Dodged            |    39 |    91 |    81 ||   211
Block: Kite shield       |    57 |   168 |    87 ||   312
